 Dungeon Crawl Stone Soup version 0.31-a0-232-gb1c03b2570 (webtiles) character file.

Game seed: 3639939060340824240

149 qw the Shooter (level 5, -16/30 HPs)
             Began as a Gargoyle Hexslinger on July 7, 2023.
             Demolished by an ogre
             ... wielding a +0 giant club
              (17 damage)
             ... on level 4 of the Dungeon.
             The game lasted 00:01:09 (2665 turns).

qw the Shooter (Gargoyle Hexslinger)                Turns: 2665, Time: 00:01:10

Health: -16/30     AC:  9    Str: 11      XL:     5   Next: 31%
Magic:  6/6        EV: 10    Int: 14      God:
Gold:   173        SH:  0    Dex: 12 (14) Spells: 5/6 levels left

rFire   . . .        Y - +1 sling
rCold   . . .        (no shield)
rNeg    + . .        e - +0 ring mail
rPois   inf          (no helmet)
rElec   +            (no cloak)
rCorr   .            (no gloves)
SInv    .            (no boots)
Will    +....        (no amulet)
Stlth   +            g - ring of willpower
HPRegen 0.25/turn    (no ring)
MPRegen 0.10/turn

%: no passive effects
@: no status effects
A: sickness immunity, AC +4, negative energy resistance 1, electricity
resistance, torment resistance 1, petrification resistance
a: no special abilities


You were on level 4 of the Dungeon.
You visited 1 branch of the dungeon, and saw 4 of its levels.

You collected 173 gold pieces.


Innate Abilities, Weirdness & Mutations

You are immune to sickness and miasma.
Your stone body is resilient. (AC +4)
You are immune to poison.
You resist negative energy. (rN+)
You are resistant to electric shocks. (rElec)
You are resistant to unholy torment.
You are immune to petrification.


   Skills:
 - Level 2.0 Fighting
 + Level 4.6 Ranged Weapons
 - Level 2.0 Armour
 - Level 1.5 Dodging
 - Level 1.0 Spellcasting
 - Level 2.6 Hexes


You had 5 spell levels left.
You knew the following spells:

 Your Spells              Type           Power      Damage    Failure   Level
a - Slow                  Hex            32%        N/A       21%         1

Your spell library contained the following spells:

 Spells                   Type           Power      Damage    Failure   Level
 Inner Flame              Hex/Fire       4%         N/A       71%         3
 Portal Projectile        Hex/Tloc       8%         N/A       71%         3
 Cause Fear               Hex            4%         N/A       90%         4

Inventory:

Hand Weapons
 Y - a +1 sling (weapon)
Armour
 a - a +1 helmet
 e - a +0 ring mail (worn)
 f - a +0 pair of gloves
Jewellery
 g - a ring of willpower (left hand)
Scrolls
 b - 2 scrolls of identify
Potions
 c - a potion of attraction {unknown}
 d - a potion of might {unknown}
 i - a potion of haste {unknown}

Dungeon Overview and Level Annotations

Branches:
Dungeon (4/15)
 Temple: D:4-7

Altars:
Kikubaaqudgha

Annotations:
D:2 1 runed translucent door, Crazy Yiuf


Message History

The iguana hisses menacingly.
The iguana closely misses you.
You shoot a sling bullet. The sling bullet hits the iguana.
You kill the iguana!
You feel your dexterity returning.
You start resting.
HP restored.
You see here an iguana corpse.
Found a short sword.
You see here an iguana corpse.
There is a stone staircase leading down here.
An ogre comes into view. It is wielding a +0 giant club.
Found 10 gold pieces.
The ogre shouts!
Enter note:
Enter note: You shoot a sling bullet.
The sling bullet hits the ogre but does no damage.
You shoot a sling bullet.
The sling bullet barely misses the ogre.
You shoot a sling bullet.
The sling bullet completely misses the ogre.
You shoot a sling bullet.
The sling bullet hits the ogre but does no damage.
The ogre closely misses you.
You shoot a sling bullet. The sling bullet hits the ogre.
The ogre is lightly wounded.
You shoot a sling bullet.
The sling bullet barely misses the ogre.
The ogre hits you with a +0 giant club!!
Ouch! That really hurt!
You shoot a sling bullet.
The sling bullet closely misses the ogre.
The ogre hits you with a +0 giant club!
You shoot a sling bullet.
The sling bullet hits the ogre but does no damage.
The ogre is lightly wounded.
The ogre hits you with a +0 giant club!
Ouch! That really hurt!
You die...

...##
##..#########
....##
##.........##
###..##
##.####.>..##
##..### ###
###...#
##...# ##..##
##..#
####...# #..#
##......#
##>##
#.......#
##..#
#..#@..)#
#..##
#.###O..#
##.## #.#
#...# ##)##
#.# #...#
##.## ##>#
#....# #.##
#..###......
.## #...#
##..... .#
### ##..#
#..$# ##
###.# #..#


You could see an ogre.

Vanquished Creatures
  A howler monkey (D:3)
  An iguana (D:4)
  A worm (D:1)
  4 dart slugs
  4 orcs (D:3)
  3 bats
  9 endoplasms
  2 giant cockroaches
  5 goblins
  8 hobgoblins
  5 jackals
  2 quokkas
  5 ball pythons
  2 frilled lizards (D:1)
  7 kobolds
  6 rats
65 creatures vanquished.

Vanquished Creatures (others)
  A frilled lizard (D:3)
1 creature vanquished.

Grand Total: 66 creatures vanquished

Notes
Turn   | Place    | Note
-------+----------+-------------------------------------------
     0 | D:1      | qw the Gargoyle Hexslinger began the quest for the Orb.
     0 | D:1      | Reached XP level 1. HP: 12/12 MP: 2/2
     0 | D:1      | 0 ||| qw: Version: 0.3-a-46-gb1f654a
     0 | D:1      | 0 ||| qw: Game counter: 2788
     0 | D:1      | 0 ||| qw: Melee chars always use a shield: true
     0 | D:1      | 0 ||| qw: God list: Okawaru
     0 | D:1      | 0 ||| qw: Allow faded altars: false
     0 | D:1      | 0 ||| qw: Do Orc after clearing Dungeon:15 true
     0 | D:1      | 0 ||| qw: Do second Lair branch before Depths: true
     0 | D:1      | 0 ||| qw: Lair rune preference: random
     0 | D:1      | 0 ||| qw: Goals: Normal
     0 | D:1      | 0 ||| PLANNING D:1-11
   111 | D:1      | Reached XP level 2. HP: 16/16 MP: 3/3
   162 | D:1      | Reached skill level 3 in Ranged Weapons
   486 | D:1      | Reached XP level 3. HP: 21/21 MP: 4/4
   719 | D:1      | 719 ||| UPGRADING to +0 ring mail.
   729 | D:1      | 729 ||| DROPPING +0 robe.
   730 | D:1      | 730 ||| READING scroll labelled ADURUCONKI.
   731 | D:1      | 731 ||| READING scroll labelled ZATHOW ARIG.
   736 | D:1      | 736 ||| READING scroll labelled OTUUSU WAMINT.
   752 | D:1      | 752 ||| DROPPING scroll of poison.
   770 | D:2      | 770 ||| STAIRDANCE
  1386 | D:2      | Found a runed translucent door.
  1387 | D:2      | Noticed Crazy Yiuf
  1503 | D:2      | 1503 ||| UPGRADING to ring of willpower.
  1504 | D:2      | 1504 ||| READING 2 scrolls labelled UHOOKOKHOG.
  1505 | D:2      | 1505 ||| DRINKING 2 bubbling white potions.
  1511 | D:2      | 1511 ||| DRINKING 2 ruby potions.
  1512 | D:2      | 1512 ||| DRINKING 2 emerald potions.
  1513 | D:2      | 1513 ||| DROPPING scroll of revelation.
  1514 | D:2      | 1514 ||| DROPPING potion of ambrosia.
  1515 | D:2      | 1515 ||| DROPPING potion of degeneration.
  1556 | D:3      | Reached XP level 4. HP: 26/26 MP: 5/5
  1818 | D:3      | Reached skill level 4 in Ranged Weapons
  1972 | D:3      | Found an ancient bone altar of Kikubaaqudgha.
  2224 | D:3      | Found a faded altar of an unknown god.
  2321 | D:3      | 2321 ||| READING 3 scrolls labelled EHAF NOLEWU.
  2322 | D:3      | 2322 ||| DROPPING 2 scrolls of immolation.
  2366 | D:4      | Noticed a black bear
  2369 | D:4      | 2369 ||| STAIRDANCE
  2374 | D:3      | HP: 5/26 [black bear (4)]
  2375 | D:3      | 2375 ||| READING scroll of teleportation.
  2376 | D:3      | 2376 ||| DRINKING potion of heal wounds.
  2407 | D:4      | 2407 ||| STAIRDANCE
  2428 | D:4      | 2428 ||| STAIRDANCE
  2434 | D:3      | Reached XP level 5. HP: 27/30 MP: 6/6
  2657 | D:4      | Noticed an ogre
  2663 | D:4      | HP: 7/30 [ogre/+0 giant club (23)]
  2664 | D:4      | HP: 1/30 [ogre/+0 giant club (7)]
  2665 | D:4      | Demolished by an ogre

Levels and vault maps discovered:
D:1:      noname_arrival_rooms_in_the_neighbourhood, layout_basic,
          minmay_misc_feat_room
D:2:      layout_rooms, uniq_crazy_yiuf_cottage
D:3:      layout_basic, nicolae_kikubaaqudgha_miasma_corner,
          hellmonk_ecumenical_altar_inner_sanctum
D:4:      layout_layer_cave, led_sif_book, nicolae_tso_carved_into_rock

Skill      XL: |  1  2  3  4 |
---------------+-------------+-----
Ranged Weapons | 3 4 |  4.6
Fighting       | 2 |  2.0
Armour         | 2 |  2.0
Dodging        | |  1.5
Spellcasting   | |  1.0
Hexes          | |  2.6

Action                     |  1- 3 |  4- 6 || total
---------------------------+-------+-------++-------
   Fire: Sling             |   171 |   109 ||   280
    Use: Scroll            |     4 |     2 ||     6
         Potion            |     3 |     1 ||     4
 Armour: Robe              |    25 |       ||    25
         Ring mail         |    45 |    39 ||    84
  Dodge: Dodged            |   112 |    57 ||   169

Table legend:
 A = Non-vault XP
 B = Vault XP
 C = Vault XP percentage of total XP
 D = Non-vault monster count
 E = Vault monster count
 F = Vault count percentage of total count
                 A         B        C        D         E       F
            +---------+---------+-------+---------+---------+-------
      Total |     213 |       0 |   0.0 |      65 |       0 |   0.0
            +---------+---------+-------+---------+---------+-------
        D:1 |      53 |       0 |   0.0 |      26 |       0 |   0.0
        D:2 |      28 |       0 |   0.0 |      15 |       0 |   0.0
        D:3 |      85 |       0 |   0.0 |      19 |       0 |   0.0
        D:4 |      47 |       0 |   0.0 |       5 |       0 |   0.0
            +---------+---------+-------+---------+---------+-------
